 Dungeon Crawl Stone Soup version 0.19.0-19-g8c6edcc (webtiles) character file.

370871 evildog the Warrior (level 22, -2/151 HPs)
             Began as a Gargoyle Fighter on Nov 11, 2016.
             Was the Champion of Okawaru.
             Killed from afar by a fire giant (17 damage)
             ... with a bolt of fire
             ... on level 3 of the Depths on Nov 15, 2016.
             The game lasted 02:47:37 (49977 turns).

evildog the Warrior (Gargoyle Fighter)             Turns: 49977, Time: 02:47:38

Health: -2/151     AC: 55    Str: 30    XL:     22   Next: 66%
Magic:  47/47      EV: 16    Int: 10    God:    Okawaru [******]
Gold:   1426       SH: 32    Dex: 11    Spells: 1 memorised, 23 levels left

rFire  + . .     SeeInvis +     O - +10 demon whip "Transmigrator" {venom, rN+ MR- MP+9 Dex+2}
rCold  . . .     Gourm    .     h - +9 plate armour {rF+}
rNeg   + + +     Faith    .     k - +4 large shield
rPois  ∞         Spirit   .     x - +2 hat {MR+}
rElec  +         Reflect  +     T - +2 cloak of the Prince of Darkness {rCorr Int-4 SInv}
rCorr  +         Harm     .     (no gloves)
MR     ++++.                    M - +2 pair of boots of Yxtok {MR+ Stlth+}
Stlth  ..........               q - amulet "Zeamaxzube" {Reflect MR+ Str+2 Int+3 SH+3}
                                i - ring of Plog {*Contam rElec rN+++ MP+9}
                                F - ring of protection from magic

@: heroism, flying
A: big wings, negative energy resistance 1, electricity resistance, unbreathing,
petrification resistance, rot immunity, AC +16
a: Stop Flying, Heroism, Finesse, Renounce Religion
}: 2/15 runes: serpentine, barnacled


You were on level 3 of the Depths.
You worshipped Okawaru.
Okawaru was exalted by your worship.
You were not hungry.

You visited 8 branches of the dungeon, and saw 39 of its levels.
You also visited: Bailey, Ice Cave and Volcano.

You collected 5258 gold pieces.
You spent 3832 gold pieces at shops.

Inventory:

Hand Weapons
 u - a +5 demon whip of flaming
 O - the +10 demon whip "Transmigrator" (weapon) {venom, rN+ MR- MP+9 Dex+2}
   (Okawaru gifted it to you on level 14 of the Dungeon)

   It poisons the flesh of those it strikes.
   It affects your dexterity (+2).
   It protects you from negative energy.
   It affects your resistance to hostile enchantments.
   It affects your magic capacity (+9).
Armour
 h - a +9 plate armour of fire resistance (worn)
 k - a +4 large shield (worn)
 x - a +2 hat of magic resistance (worn)
 M - the +2 pair of boots of Yxtok (worn) {MR+ Stlth+}
   (Okawaru gifted it to you on level 10 of the Dungeon)

   It affects your resistance to hostile enchantments.
   It makes you more stealthy.
 T - the +2 cloak of the Prince of Darkness (worn) {rCorr Int-4 SInv}
   (You bought it in a shop on level 2 of the Orcish Mines)

   It affects your intelligence (-4).
   It lets you see invisible.
   It protects you from acid and corrosion.
Jewellery
 b - an uncursed ring of resist corrosion
 e - an uncursed ring of wizardry
 i - the ring of Plog (right hand) {*Contam rElec rN+++ MP+9}
   (You acquired it on level 2 of the Snake Pit)

   [ring of magical power]

   It insulates you from electricity.
   It renders you almost immune to negative energy.
   It affects your magic capacity (+9).
   It causes magical contamination when unequipped.
 q - the amulet "Zeamaxzube" (around neck) {Reflect MR+ Str+2 Int+3 SH+3}
   (You bought it in a shop on level 6 of the Dungeon)

   [amulet of reflection]

   It shields you and reflects attacks.
   It affects your strength (+2).
   It affects your intelligence (+3).
   It affects your resistance to hostile enchantments.
   It affects your SH (+3).
 F - a ring of protection from magic (left hand)
 H - an uncursed ring of protection from fire
 I - an uncursed ring of protection from cold
Wands
 v - a wand of lightning (3/15)
 A - a wand of acid (5/15)
 E - a wand of digging (10/24)
 R - a wand of heal wounds (0/9)
 U - a wand of lightning (3/15)
 V - a wand of digging (13/24)
 W - a wand of teleportation (6/9)
 X - a wand of teleportation (1/9)
Scrolls
 g - 2 scrolls of fog
 j - 2 scrolls of magic mapping
 l - 3 scrolls of fear
 m - 8 scrolls of recharging
 n - a scroll of brand weapon
 o - 14 scrolls of remove curse
 s - 5 scrolls of blinking
 y - 6 scrolls of enchant weapon
 C - a scroll of holy word
 D - 11 scrolls of teleportation
 J - 3 scrolls of summoning
 K - 4 scrolls of identify
Potions
 d - 18 potions of curing
 r - 5 potions of berserk rage
 w - 2 potions of invisibility
 z - 4 potions of haste
 B - a potion of agility
 G - 4 potions of heal wounds
 L - 5 potions of might
 P - 2 potions of resistance
Comestibles
 a - 21 meat rations
 c - 2 beef jerkies
 f - 20 bread rations
 p - a royal jelly
 t - 7 slices of pizza
 N - 3 chunks of flesh


   Skills:
 * Level 19.7(24.7) Fighting
 - Level 18.5(23.5) Maces & Flails
 + Level 16.3(21.3) Armour
 + Level 11.5(16.5) Dodging
 + Level 17.6(22.6) Shields
 - Level 2.4 Spellcasting
 - Level 2.7 Charms
 - Level 2.6 Air Magic
 - Level 10.5 Invocations
 - Level 10.5 Evocations


You had 23 spell levels left.
You knew the following spells:

 Your Spells              Type           Power        Failure   Level  Hunger
a - Repel Missiles        Chrm/Air       #.....       83%         2    ###....


Dungeon Overview and Level Annotations

Branches:
Dungeon (15/15)            Temple (1/1) D:4            Lair (6/6) D:8
 Shoals (4/4) Lair:4        Snake (4/4) Lair:2        Slime (0/5) Lair:6
    Orc (2/2) D:9             Elf (0/3) Orc:2        Vaults (4/5) D:13
  Crypt (0/3) Vaults:2     Depths (3/5) D:15

Altars:
Ashenzari
Cheibriados
Elyvilon
Gozag
Hepliaklqana
Kikubaaqudgha
Makhleb
Nemelex Xobeh
Okawaru
Qazlal
Sif Muna
Uskayaw
Xom
Zin
The Shining One
Jiyva

Shops:
D:6 =*((*   D:9 ([[   D:11 *   D:13 }?   D:15 *   Orc:1 (   Orc:2 [}[(
Snake:4 }?=   Vaults:3 (   Vaults:4 (!

Portals:
Hell: Depths:1 Depths:2
Pandemonium: Depths:3
Ziggurat: Depths:1
Trove: Vaults:4 (give 20 potions of curing)

Annotations:
Snake:3 Mara


Innate Abilities, Weirdness & Mutations

You are resistant to torment.
Your stone body is resilient. (AC +16)
You are immune to poison.
Your large and strong wings let you fly indefinitely.
You resist negative energy. (rN+)
You are resistant to electric shocks. (rElec)
You can survive without breathing.
You are immune to petrification.
You are immune to rotting.


Message History

The ice dragon is moderately wounded.
You block the ice dragon's attack. The ice dragon misses you.
You block the ice dragon's attack.
The vampire knight casts a spell.
The vampire knight seems to speed up.
You thrash the ice dragon!!
The ice dragon is severely wounded.
The spriggan air mage waves its arms in wide circles.
The air twists around and violently strikes you in flight!
* * * LOW HITPOINT WARNING * * *
A yaktaur comes into view.
Your surroundings suddenly seem different.
You feel less vulnerable to hostile enchantments.
There is an open door here.
You reach down and close the door.
A fire giant comes into view.
It is wielding a great sword of flaming.
The fire giant shouts!
The fire giant casts a spell at you. The bolt of fire hits you! You resist.
You die...

#.#
#####.##
#......#
#......#
#......#
#......# ♣
#..C...# ♣.
♣♣.
#......# ♣.
♣.♣
#####@##
♣.♣♣♣♣[♣
#.#
♣...♣♣.♣
##.##
♣.....♣♣
#...#
♣.....♣
#...#
♣...♣.♣
#...#
♣.♣♣♣.♣♣
########+##
♣)♣ ♣..♣♣
#.........#
♣)♣ ♣♣).♣
#.........#
♣)♣ ♣))♣♣


You could see a fire giant.

Vanquished Creatures
  A golden dragon (Depths:2)
  Jorgrun (Shoals:4)
  2 liches (Depths:1)
  An acid blob (Lair:6)
  4 sphinxes
  A kraken (Shoals:1)
  Roxanne (Snake:4)
  Ilsuiw (Shoals:4)
  14 nagarajas
  4 tengu reavers
  A frost giant (Vaults:4)
  3 fire giants
  A curse skull (Vaults:2)
  6 vault wardens
  A ghoul (Vaults:3)
  16 very ugly things
  9 ironheart preservers
  9 stone giants
  2 spriggan defenders (Depths:3)
  3 entropy weavers
  2 vampire knights
  3 merfolk javelineers (Shoals:4)
  11 ettins
  A deep elf death mage (Depths:2)
  6 fire dragons
  8 great orbs of eyes
  12 yaktaur captains
  7 merfolk impalers
  Erolcha (D:11)
  21 naga warriors
  A spriggan air mage (Depths:2)
  An ice dragon (shapeshifter) (Depths:1)
  3 rakshasas
  5 ice dragons
  7 hydras
  8 anacondas
  6 vault guards
  A merfolk avatar (Shoals:2)
  A catoblepas (Lair:5)
  Erica (D:9)
  An alligator snapping turtle (Shoals:1)
  12 ogre magi
  3 satyrs
  A queen ant (D:8)
  4 merfolk aquamancers
  A satyr (shapeshifter) (Depths:2)
  3 death yaks (Lair:4)
  A death knight (Vaults:3)
  9 centaur warriors
  8 deep troll shamans
  3 tengu warriors
  4 vampire magi
  6 naga sharpshooters
  5 orc high priests (Orc:2)
  5 shock serpents
  2 spriggan berserkers (Depths:3)
  4 deep troll earth magi
  A soul eater (Depths:1)
  Nergalle (D:10)
  2 iron trolls
  A fire crab (shapeshifter) (Vaults:3)
  The ghost of Haldmier the Basher, a novice GrFi of Zin (D:11)
  3 deep elf knights
  18 skeletal warriors
  5 hell knights
  4 unseen horrors
  2 salamander mystics
  11 deep trolls
  12 sea snakes
  A flayed ghost (D:12)
  2 glowing orange brains
  4 necromancers
  2 phantasmal warriors
  8 naga ritualists
  3 deep elf archers
  10 ironbrand convokers
  An orange crystal statue (D:13)
  2 wizards
  Pikel (D:4)
  5 hill giants
  7 harpies
  22 orc knights
  7 mana vipers
  5 wolf spiders
  A sphinx zombie (Vaults:1)
  9 deep elf magi
  13 manticores
  A wolf spider zombie (D:15)
  3 orc sorcerers
  19 ugly things
  31 fauns
  3 cyclopes
  A salamander (shapeshifter) (D:14)
  An oklob plant (Lair:2)
  9 salamanders
  A black mamba (shapeshifter) (Vaults:1)
  A fire giant skeleton (Depths:1)
  2 centaur zombies
  7 elephants
  7 sirens
  4 water nymphs
  5 guardian serpents
  34 naga magi
  A water nymph (shapeshifter) (Vaults:4)
  2 gargoyles
  6 vault sentinels
  2 ice statues
  21 black mambas
  9 spiny frogs
  2 molten gargoyles (Volcano)
  2 rime drakes (Lair:6)
  36 yaktaurs
  A rime drake (shapeshifter) (Vaults:4)
  13 freezing wraiths
  2 human zombies (Vaults:1)
  An efreet (D:14)
  A spriggan skeleton (Depths:1)
  4 tengu conjurers
  A yaktaur skeleton (Vaults:1)
  10 komodo dragons
  A troll (shapeshifter) (Vaults:2)
  8 trolls
  23 merfolk
  2 wind drakes
  3 polar bears (Lair:6)
  2 wolf spider simulacra
  20 hornets
  23 two-headed ogres
  A jumping spider (Vaults:3)
  15 blink frogs
  A stone giant simulacrum (Vaults:2)
  21 dream sheep
  10 hippogriffs
  A harpy skeleton (D:14)
  26 slime creatures
  A hippogriff (shapeshifter) (Vaults:4)
  An ettin zombie (Depths:1)
  5 snapping turtles
  A tarantella (Vaults:3)
  5 redbacks
  23 spriggans
  16 water elementals
  A fire bat (Volcano)
  9 wyverns
  3 air elementals (Depths:2)
  3 wraiths
  Eustachio (D:4)
  A human (shapeshifter) (Vaults:3)
  5 basilisks
  2 hungry ghosts
  49 yaks
  A mottled dragon (Vaults:2)
  5 wargs
  Edmund (D:6)
  51 nagas
  10 water moccasins
  13 soldier ants
  5 porcupines
  19 ice beasts
  3 sky beasts
  Purgy (D:4)
  A meliai simulacrum (D:15)
  A hornet zombie (D:15)
  55 orc warriors
  3 black bears (Lair:6)
  The ghost of goblinboy the Chopper, an amateur MiBe of Trog (D:3)
  41 ogres
  A necrophage (D:9)
  5 phantoms
  17 wolves (Lair:6)
  7 boggarts
  An eye of draining (shapeshifter) (Vaults:4)
  19 centaurs
  A human skeleton (Vaults:1)
  10 crocodiles
  6 big kobolds
  15 bullfrogs
  A wyvern zombie (D:9)
  3 scorpions
  2 wyvern skeletons
  48 killer bees
  3 howler monkeys
  2 electric eels (Lair:2)
  6 crimson imps
  6 hounds
  A bullfrog zombie (D:7)
  5 lava snakes (Volcano)
  2 draconian simulacra (IceCv)
  33 orc priests
  5 jellies
  A quasit (D:13)
  9 centaur skeletons
  4 iguanas
  14 orc wizards
  27 worker ants
  A hell rat (Lair:6)
  2 polar bear simulacra (IceCv)
  3 spriggan simulacra (IceCv)
  4 troll simulacra (IceCv)
  A wolf simulacrum (IceCv)
  3 centaur simulacra
  A hound zombie (D:11)
  2 worker ant zombies
  3 gnolls (D:7)
  14 adders
  6 naga simulacra (IceCv)
  3 ogre simulacra (IceCv)
  A shadow imp (D:6)
  13 white imps
  An ooze (D:5)
  4 worms
  An adder skeleton (D:5)
  2 dart slugs
  6 leopard geckos
  112 orcs
  5 bats
  2 giant cockroaches
  10 hobgoblins
  7 jackals
  3 quokkas
  A ball python (D:7)
  6 frilled lizards
  12 goblins
  16 kobolds
  7 rats
  A fungus (Lair:4)
  A plant (Shoals:4)
  2 tentacles (Shoals:1)
1670 creatures vanquished.

Vanquished Creatures (collateral kills)
  A skeletal warrior (D:15)
1 creature vanquished.

Vanquished Creatures (others)
  4 merfolk javelineers
  A merfolk aquamancer (Shoals:4)
  A centaur warrior (Depths:1)
  A deep elf knight (Vaults:4)
  2 naga sharpshooters
  An unseen horror (D:10)
  A deep elf archer (Vaults:4)
  A naga ritualist (Snake:4)
  A phantasmal warrior (Depths:3)
  A cyclops (Shoals:4)
  A faun (Shoals:2)
  A naga mage (Snake:4)
  9 yaktaurs
  2 merfolk
  A water elemental (Shoals:2)
  A boggart (Depths:1)
  2 centaurs
  A hound (D:4)
  12 fungi
  16 plants
  8 tentacles (Shoals:1)
68 creatures vanquished.

Grand Total: 1739 creatures vanquished

Notes
Turn   | Place    | Note
-------+----------+-------------------------------------------
     0 | D:1      | evildog the Gargoyle Fighter began the quest for the Orb.
     0 | D:1      | Reached XP level 1. HP: 14/14 MP: 1/1
   119 | D:1      | Reached XP level 2. HP: 18/19 MP: 2/2
   692 | D:2      | Reached XP level 3. HP: 22/23 MP: 3/3
  1043 | D:2      | Reached XP level 4. HP: 28/28 MP: 4/4
  1223 | D:3      | Reached skill level 5 in Maces & Flails
  1223 | D:3      | Reached XP level 5. HP: 19/32 MP: 5/5
  1707 | D:3      | Noticed goblinboy's ghost (amateur MiBe)
  1718 | D:3      | Killed goblinboy's ghost
  1718 | D:3      | Reached XP level 6. HP: 20/37 MP: 6/6
  1947 | D:4      | Noticed a phantom
  1947 | D:4      | Noticed a phantom
  2008 | D:3      | Killed a phantom
  2175 | D:4      | Killed a phantom
  2175 | D:4      | Reached XP level 7. HP: 41/41 MP: 7/7
  2601 | D:4      | Found a staircase to the Ecumenical Temple.
  2605 | Temple   | Entered the Ecumenical Temple
  2622 | Temple   | Became a worshipper of Warmaster Okawaru
  2811 | D:4      | Noticed Pikel
  2821 | D:4      | Killed Pikel
  2821 | D:4      | Reached XP level 8. HP: 37/46 MP: 8/8
  2912 | D:4      | Noticed Eustachio
  2923 | D:4      | Killed Eustachio
  2923 | D:4      | Reached skill level 10 in Maces & Flails
  3047 | D:4      | Noticed Purgy
  3063 | D:4      | Killed Purgy
  3063 | D:4      | Reached * piety under Okawaru
  3328 | D:5      | Entered Level 5 of the Dungeon
  3396 | D:5      | Learned a level 2 spell: Repel Missiles
  3915 | D:6      | Found Xitath's Jewellery Shop.
  4088 | D:6      | Reached XP level 9. HP: 48/51 MP: 9/9
  4105 | D:6      | Noticed Edmund
  4123 | D:6      | Killed Edmund
  4138 | D:6      | Found a deep blue altar of Sif Muna.
  4191 | D:6      | Found Gyikush's Weapon Emporium.
  4207 | D:6      | Reached ** piety under Okawaru
  4210 | D:6      | Found Senkuwah's General Store.
  4211 | D:6      | Found Zuhef's Weapon Shop.
  4214 | D:6      | Bought a scroll of identify for 24 gold pieces
  4214 | D:6      | Bought a scroll of identify for 24 gold pieces
  4335 | D:6      | Reached skill level 1 in Invocations
  4786 | D:6      | Reached skill level 4 in Fighting
  4794 | D:6      | Found a glowing silver altar of Zin.
  4794 | D:6      | Found an opulent altar of Gozag.
  4909 | D:6      | Found Yliog's General Store.
  4984 | D:7      | Found a flagged portal.
  5025 | Bailey   | Entered a bailey
  5025 | Bailey   | Noticed an orc knight
  5034 | Bailey   | Noticed a lindwurm
  5034 | Bailey   | an orc knight changed into a lindwurm
  5151 | Bailey   | Noticed an orc knight
  5163 | Bailey   | Killed an orc knight
  5825 | D:7      | Found a snail-covered altar of Cheibriados.
  5873 | D:7      | Reached skill level 5 in Armour
  6005 | D:7      | Reached skill level 5 in Fighting
  6044 | D:7      | Found a hazy altar of Hepliaklqana.
  6044 | D:7      | Found a sparkling altar of Nemelex Xobeh.
  6045 | D:7      | Found a shattered altar of Ashenzari.
  6172 | D:7      | Reached skill level 5 in Shields
  6181 | D:7      | Found a stormy altar of Qazlal.
  6238 | D:7      | Reached XP level 10. HP: 59/59 MP: 12/12
  6599 | D:8      | Reached *** piety under Okawaru
  6614 | D:8      | Noticed a queen ant
  6662 | D:8      | Killed a queen ant
  6677 | D:8      | Reached skill level 6 in Fighting
  6706 | D:8      | Reached **** piety under Okawaru
  6874 | D:8      | Reached skill level 5 in Invocations
  7188 | D:8      | Reached ***** piety under Okawaru
  7225 | D:8      | Reached XP level 11. HP: 66/66 MP: 14/14
  7235 | D:8      | Reached skill level 7 in Fighting
  7451 | D:8      | Found a staircase to the Lair.
  8329 | D:9      | Received a gift from Okawaru
  8393 | D:9      | Found Zeodus's Armour Shoppe.
  8393 | D:9      | Found a staircase to the Orcish Mines.
  8394 | D:9      | Found Veteas's Antique Armour Shoppe.
  8395 | D:9      | Found Mosat's Weapon Shoppe.
  8607 | D:9      | Bought a pair of transparent gloves for 332 gold pieces
  8612 | D:9      | Identified the +0 pair of gloves of the Lost Path {-Tele rF- Str+7 Int+10} (You bought it in a shop on level 9 of the Dungeon)
  8642 | D:9      | Reached skill level 8 in Fighting
  8715 | D:9      | Noticed Erica
  8743 | D:9      | Killed Erica
  8899 | D:9      | Noticed a hill giant
  8909 | D:9      | Killed a hill giant
  9112 | D:9      | Noticed a five-headed hydra
  9120 | D:9      | Killed a five-headed hydra
  9304 | D:9      | Reached skill level 9 in Fighting
  9409 | D:10     | Entered Level 10 of the Dungeon
  9493 | D:10     | Noticed an unseen horror
  9506 | D:10     | Noticed a centaur warrior
  9507 | D:10     | Killed an unseen horror
  9520 | D:10     | Killed a centaur warrior
  9758 | D:10     | Noticed Nergalle
  9831 | D:10     | Killed Nergalle
  9831 | D:10     | Reached XP level 12. HP: 76/76 MP: 10/17
 10289 | D:10     | Received a gift from Okawaru
 10295 | D:10     | Got a pair of dazzling boots {god gift}
 10306 | D:10     | Identified the +2 pair of boots of Yxtok {MR+ Stlth+} (Okawaru gifted it to you on level 10 of the Dungeon)
 10461 | D:11     | Noticed Erolcha
 10472 | D:11     | Killed Erolcha
 10601 | D:11     | Reached skill level 10 in Fighting
 10853 | D:11     | Noticed Haldmier's ghost (novice GrFi)
 10863 | D:11     | Killed Haldmier's ghost
 11225 | Lair:1   | Entered Level 1 of the Lair of Beasts
 11920 | Lair:2   | Noticed a four-headed hydra
 11930 | Lair:2   | Killed a four-headed hydra
 12061 | Lair:2   | Found a white marble altar of Elyvilon.
 12371 | Lair:2   | Noticed a seven-headed hydra
 12384 | Lair:2   | Killed a seven-headed hydra
 12437 | Lair:2   | Found a staircase to the Snake Pit.
 12488 | Lair:2   | Reached ****** piety under Okawaru
 12550 | Lair:2   | Reached XP level 13. HP: 70/83 MP: 19/19
 14037 | Lair:3   | Received a gift from Okawaru
 14258 | Lair:4   | Reached skill level 11 in Fighting
 14620 | Lair:4   | Reached skill level 10 in Shields
 15059 | Lair:4   | Found a staircase to the Shoals.
 15690 | Lair:5   | Received a gift from Okawaru
 15702 | Lair:5   | Reached skill level 10 in Armour
 15727 | Lair:5   | Found a dark tunnel.
 15775 | Volcano  | Entered a volcano
 16318 | Volcano  | Found a burning altar of Makhleb.
 16911 | Lair:5   | Gained mutation: Your large and strong wings let you fly indefinitely. [Gargoyle growth]
 16911 | Lair:5   | Reached XP level 14. HP: 90/90 MP: 21/21
 17057 | Lair:5   | Reached skill level 15 in Maces & Flails
 17610 | Lair:6   | Entered Level 6 of the Lair of Beasts
 17818 | Lair:6   | Got a brightly glowing silver amulet
 17819 | Lair:6   | Identified the amulet of Ascent {Gourm +Blink Str+4} (You found it on level 6 of the Lair of Beasts)
 18080 | Lair:6   | Reached skill level 10 in Invocations
 18307 | Lair:6   | Received a gift from Okawaru
 18346 | Lair:6   | Got an encrusted cloak {god gift}
 18352 | Lair:6   | Identified the +1 cloak of the Other World {-Tele +Fly rN+ Int+3 SInv} (Okawaru gifted it to you on level 6 of the Lair of Beasts)
 18695 | Lair:6   | Found a viscous altar of Jiyva.
 18739 | Lair:6   | Found a staircase to the Slime Pits.
 19066 | Lair:6   | Reached skill level 12 in Fighting
 19438 | Lair:6   | Noticed an acid blob
 19449 | Lair:6   | Killed an acid blob
 20054 | D:11     | Found Yxaug's Island Escapes.
 20445 | D:12     | Reached XP level 15. HP: 96/96 MP: 22/22
 20462 | D:12     | Reached skill level 1 in Dodging
 20510 | D:12     | Received a gift from Okawaru
 20813 | D:12     | You are sucked into a shaft for 3 floors!
 20813 | D:15     | Entered Level 15 of the Dungeon
 20845 | D:15     | Found a staircase to the Depths.
 20845 | D:15     | Noticed a fire giant
 20860 | D:15     | Killed a fire giant
 21068 | D:15     | Found Muikui's Merry Market.
 22715 | D:14     | Found a frozen archway.
 22752 | D:14     | Received a gift from Okawaru
 22770 | D:14     | Got a jewelled demon whip {god gift}
 22771 | D:14     | Identified the +10 demon whip "Transmigrator" {venom, rN+ MR- MP+9 Dex+2} (Okawaru gifted it to you on level 14 of the Dungeon)
 22798 | IceCv    | Entered an ice cave
 22841 | IceCv    | Reached skill level 5 in Dodging
 22953 | IceCv    | Found an ancient bone altar of Kikubaaqudgha.
 23151 | IceCv    | Got a crude glass ring
 23155 | IceCv    | Identified the ring of Buremes {Ice *Contam Int+4 Dex+2} (You found it in an ice cave)
 23227 | IceCv    | Gained mutation: You occasionally shout uncontrollably at your foes. [mutagenic glow]
 23855 | D:14     | You are sucked into a shaft!
 23968 | D:13     | Found a shimmering altar of Xom.
 23979 | D:13     | Reached skill level 13 in Fighting
 23997 | D:13     | Reached XP level 16. HP: 82/104 MP: 23/23
 24093 | D:13     | Found Pomalyrgh's Gadget Shop.
 24101 | D:13     | Bought a wand of teleportation (1/9) for 195 gold pieces
 24384 | D:13     | Received a gift from Okawaru
 24811 | D:13     | Found Riuputaf's Magic Scroll Boutique.
 24818 | D:13     | Bought a scroll of identify for 34 gold pieces
 24818 | D:13     | Bought a scroll of identify for 34 gold pieces
 24818 | D:13     | Bought a scroll of identify for 34 gold pieces
 25032 | D:13     | Found a gate to the Vaults.
 25306 | Orc:1    | Entered Level 1 of the Orcish Mines
 25506 | Orc:2    | Entered Level 2 of the Orcish Mines
 25651 | Orc:2    | Found a staircase to the Elven Halls.
 26637 | Orc:2    | Found Jaunoex's Antique Weapon Shop.
 26637 | Orc:2    | Found Ahemett's Armour Shop.
 26638 | Orc:2    | Found Denuesupn's Antique Armour Shop.
 26638 | Orc:2    | Found Vyfecveted's Gadget Boutique.
 26650 | Orc:2    | Bought the +0 pair of gloves of Gehenna {rElec rN+++ Dex-5 Stlth-} for 469 gold pieces
 26650 | Orc:2    | Bought the +2 cloak of the Prince of Darkness {rCorr Int-4 SInv} for 389 gold pieces
 27374 | Orc:1    | Found Nytruana's Antique Weapon Shop.
 27615 | Snake:1  | Entered Level 1 of the Snake Pit
 28359 | Orc:2    | Bought a runed plate armour for 725 gold pieces
 28801 | Snake:1  | Reached skill level 1 in Spellcasting
 28824 | Snake:1  | Reached skill level 1 in Air Magic
 28833 | Snake:1  | Reached skill level 1 in Charms
 29386 | Snake:2  | Received a gift from Okawaru
 29453 | Snake:2  | Reached XP level 17. HP: 110/110 MP: 24/24
 29508 | Snake:2  | Identified a scroll of acquirement
 29510 | Snake:2  | Got a translucent golden ring
 29512 | Snake:2  | Identified the ring of Plog {*Contam rElec rN+++ MP+9} (You acquired it on level 2 of the Snake Pit)
 30011 | Snake:2  | Reached skill level 14 in Fighting
 30029 | Snake:2  | Gained mutation: Your magical capacity is low. (-10% MP) [mutagenic meat]
 30030 | Snake:2  | Gained mutation: Scrolls take you a little longer to read. [mutagenic meat]
 30030 | Snake:2  | Lost mutation: You occasionally shout uncontrollably at your foes. [potion of cure mutation]
 30030 | Snake:2  | Lost mutation: Scrolls take you a little longer to read. [potion of cure mutation]
 30030 | Snake:2  | Lost mutation: Your magical capacity is low. (-10% MP) [potion of cure mutation]
 30326 | D:6      | Bought the amulet "Zeamaxzube" {Reflect MR+ Str+2 Int+3 SH+3} for 625 gold pieces
 30329 | D:6      | Upgraded the game from 0.19.0-18-g426998a to 0.19.0-19-g8c6edcc
 31274 | Snake:3  | Received a gift from Okawaru
 31281 | Snake:3  | Got a spiked chain mail {god gift}
 31300 | Snake:2  | Identified the +1 chain mail of Ivvy {rPois MR- Int+7} (Okawaru gifted it to you on level 3 of the Snake Pit)
 31610 | Snake:3  | Noticed Mara
 31677 | Snake:4  | Entered Level 4 of the Snake Pit
 31734 | Snake:4  | Found Qybain's Magic Scroll Shoppe.
 31805 | Snake:4  | Bought a scroll of teleportation for 45 gold pieces
 31805 | Snake:4  | Bought a scroll of teleportation for 45 gold pieces
 31829 | Snake:4  | Found Oraplih's Jewellery Emporium.
 32310 | Snake:4  | Reached skill level 15 in Fighting
 32348 | Snake:4  | Reached skill level 1 in Evocations
 32348 | Snake:4  | Reached XP level 18. HP: 104/119 MP: 25/25
 32430 | Snake:4  | Received a gift from Okawaru
 32482 | Snake:4  | Got a smoking scale mail {god gift}
 32494 | Snake:4  | Identified the +2 scale mail "Woetut" {-Tele Str+7 Stlth+} (Okawaru gifted it to you on level 4 of the Snake Pit)
 32703 | Snake:4  | Got a serpentine rune of Zot
 32729 | Snake:4  | Found Zica's Gadget Shop.
 32758 | Snake:4  | Noticed Roxanne
 32948 | Snake:4  | Killed Roxanne
 33399 | Shoals:1 | Entered Level 1 of the Shoals
 33517 | Shoals:1 | Gained mutation: You are partially covered in yellow scales. (AC +2) [potion of beneficial mutation]
 33779 | Shoals:1 | Reached skill level 15 in Shields
 34531 | Shoals:2 | Received a gift from Okawaru
 34971 | Shoals:2 | Reached skill level 5 in Evocations
 35781 | Shoals:3 | Reached skill level 16 in Fighting
 35793 | Shoals:3 | Received a gift from Okawaru
 36170 | Shoals:3 | Reached XP level 19. HP: 125/125 MP: 26/26
 36478 | Shoals:4 | Entered Level 4 of the Shoals
 36618 | Shoals:4 | Noticed Jorgrun
 36647 | Shoals:4 | Killed Jorgrun
 37112 | Shoals:4 | Received a gift from Okawaru
 37380 | Shoals:4 | Got a barnacled rune of Zot
 37546 | Shoals:4 | Noticed Ilsuiw
 37586 | Shoals:4 | Killed Ilsuiw
 38028 | Vaults:1 | Entered Level 1 of the Vaults
 39083 | Vaults:1 | Reached skill level 17 in Fighting
 39542 | Vaults:2 | Gained mutation: Armour fits poorly on your strangely shaped body. [mutagenic meat]
 39543 | Vaults:2 | Gained mutation: You occasionally shout uncontrollably at your foes. [mutagenic meat]
 39545 | Vaults:2 | Gained mutation: You have a pair of small horns on your head. [mutagenic meat]
 39545 | Vaults:2 | Lost mutation: You have a pair of small horns on your head. [potion of cure mutation]
 39545 | Vaults:2 | Lost mutation: You occasionally shout uncontrollably at your foes. [potion of cure mutation]
 39545 | Vaults:2 | Lost mutation: You are partially covered in yellow scales. (AC +2) [potion of cure mutation]
 39546 | Vaults:2 | Lost mutation: Armour fits poorly on your strangely shaped body. [potion of cure mutation]
 39624 | Vaults:2 | Received a gift from Okawaru
 39947 | Vaults:2 | Found a staircase to the Crypt.
 40214 | Vaults:2 | Reached skill level 10 in Dodging
 40246 | Vaults:2 | Reached XP level 20. HP: 120/134 MP: 27/27
 41597 | Vaults:3 | Got a spiked chain mail
 41615 | Vaults:3 | Identified the +4 chain mail "Lotom" {rN+ Stlth+} (You found it on level 3 of the Vaults)
 41858 | Vaults:3 | Got a fine chain mail
 41869 | Vaults:3 | Identified the +5 chain mail of Chill Winds {rPois rF+ Str+2} (You found it on level 3 of the Vaults)
 41892 | Vaults:3 | Reached skill level 18 in Fighting
 42224 | Vaults:3 | Received a gift from Okawaru
 42243 | Vaults:3 | Reached skill level 15 in Armour
 42847 | Vaults:3 | Found Myxo Soasu's Antique Weapon Emporium.
 43322 | Vaults:3 | Reached XP level 21. HP: 139/142 MP: 28/28
 43825 | Vaults:4 | Found Eciemuq's Distillery.
 43831 | Vaults:4 | Bought a potion of heal wounds for 75 gold pieces
 43831 | Vaults:4 | Bought a potion of heal wounds for 75 gold pieces
 43831 | Vaults:4 | Bought a potion of heal wounds for 75 gold pieces
 43836 | Vaults:4 | Found a portal to a secret trove of treasure.
 43866 | Vaults:4 | Bought a potion of curing for 45 gold pieces
 43866 | Vaults:4 | Bought 2 potions of curing for 90 gold pieces
 43866 | Vaults:4 | Bought a potion of curing for 45 gold pieces
 44375 | Vaults:4 | Found Muirrane's Antique Weapon Emporium.
 44456 | Vaults:4 | Received a gift from Okawaru
 44770 | Depths:1 | Entered Level 1 of the Depths
 45175 | D:13     | Bought a scroll of enchant weapon for 127 gold pieces
 46141 | Depths:1 | Found a gateway to Hell.
 46519 | Depths:1 | Found a gateway to a ziggurat.
 46669 | Depths:1 | Reached skill level 10 in Evocations
 46674 | Depths:1 | Received a gift from Okawaru
 46815 | Depths:1 | Reached XP level 22. HP: 148/148 MP: 29/29
 47672 | Depths:2 | Reached skill level 19 in Fighting
 47784 | Depths:2 | Noticed a golden dragon
 47826 | Depths:2 | Killed a golden dragon
 47896 | Depths:2 | Received a gift from Okawaru
 48043 | Depths:2 | Got a bloodstained executioner's axe {god gift}
 48044 | Depths:2 | Identified the +9 executioner's axe of Dishonesty {venom, Str+7 Int+2} (Okawaru gifted it to you on level 2 of the Depths)
 48782 | Depths:3 | Found a one-way gate leading to the halls of Pandemonium.
 49580 | D:6      | Bought an uncursed ring of protection from fire for 325 gold pieces
 49890 | Depths:3 | Received a gift from Okawaru
 49947 | Depths:3 | Paralysed by a floating eye for 2 turns
 49977 | Depths:3 | Killed from afar by a fire giant

Skill      XL: |  1  2  3  4  5  6  7  8  9 10 11 12 13 14 15 16 17 18 19 20 21 22 |
---------------+-------------------------------------------------------------------+-----
Maces & Flails | 3 4 5 6 7 9 11 12 13 14 15 16 17 18 | 18.5
Invocations    | 3 5 6 8 9 10 | 10.5
Armour         | 5 6 8 9 10 11 12 13 14 15 16 | 16.3
Fighting       | 5 6 9 10 11 12 13 15 16 17 18 19 | 19.7
Shields        | 5 6 8 9 10 11 12 13 14 15 16 17 | 17.6
Dodging        | 5 7 8 9 10 11 | 11.5
Spellcasting   | 2 |  2.4
Air Magic      | 1 2 |  2.6
Charms         | 2 |  2.7
Evocations     | 1 5 10 | 10.5

Action                   |  1- 3 |  4- 6 |  7- 9 | 10-12 | 13-15 | 16-18 | 19-21 | 22-24 || total
-------------------------+-------+-------+-------+-------+-------+-------+-------+-------++-------
Melee: Mace              |    88 |   119 |   177 |       |       |       |       |       ||   384
       Flail             |       |       |   193 |  1072 |  1581 |       |       |       ||  2846
       Demon whip        |       |       |       |       |   268 |  1805 |  2197 |   491 ||  4761
Throw: Javelin           |       |       |     7 |       |       |       |       |       ||     7
Invok: Heroism           |       |       |     2 |     8 |     7 |     4 |     4 |     1 ||    26
       Finesse           |       |       |       |     1 |     3 |     4 |     4 |       ||    12
 Abil: Fly               |       |       |       |       |     1 |       |       |       ||     1
Evoke: Wand              |       |       |     4 |       |       |       |     2 |     1 ||     7
       Box of beasts     |       |       |       |     1 |     3 |       |       |       ||     4
       Phantom mirror    |       |       |       |       |     1 |       |       |       ||     1
       Sack of spiders   |       |       |       |       |       |       |     1 |       ||     1
  Use: Potion            |       |     1 |     3 |       |     1 |     6 |     2 |     2 ||    15
       Scroll            |       |       |    15 |     3 |     9 |    15 |    16 |     2 ||    60
 Stab: Held in net/web   |       |       |       |       |       |     1 |       |       ||     1
       Distracted        |       |       |       |       |       |       |       |     1 ||     1
  Eat: Chunk             |     1 |     2 |    13 |    19 |    55 |    31 |    28 |     8 ||   157
       Fruit             |       |     1 |       |     1 |     7 |     4 |    13 |     3 ||    29
       Royal jelly       |       |       |       |     1 |       |       |       |       ||     1
       Beef jerky        |       |       |       |       |     1 |     4 |       |       ||     5
Armor: Scale mail        |    45 |    63 |    51 |       |       |       |       |       ||   159
       Chain mail        |       |       |   133 |   156 |   654 |   167 |       |       ||  1110
       Plate armour      |       |       |       |   405 |   266 |   434 |   412 |   124 ||  1641
       Skin              |       |       |       |     2 |       |       |       |       ||     2
Dodge: Dodged            |    33 |    22 |    80 |   250 |   422 |   348 |   232 |    86 ||  1473
Block: Shield            |    42 |    55 |   152 |   554 |  1050 |   393 |       |       ||  2246
       Large shield      |       |       |       |       |       |  1075 |  1760 |   412 ||  3247
       Reflection        |       |       |       |       |       |   164 |   157 |    16 ||   337
